PUB
KINUSO BLUES @ ST. LOUIS TERRIERS
04/24/1972
 
TOP OF THE 1ST
Kinuso Blues batting - Pitching for St. Louis Terriers : RHP Donald Wilson
Pitching: RHP Donald Wilson
Batting: LHB Ricardo Vivo 0-0: Called Strike
0-1: Bunt missed!
0-2: Foul Ball, location: 2F
0-2: Ball
1-2: Strikes out swinging
Batting: RHB Jeremy Kennedy 0-0: Called Strike
0-1: DOUBLE (Line Drive, 3D, EV 98.1 MPH)
Batting: LHB John Heller 0-0: Fly out, F4 (Popup, 34D, EV 61.3 MPH)
Batting: SHB Ken Henderson 0-0: Ball
1-0: Ground out 4-3 (Groundball, 4, EV 86.3 MPH)
Top of the 1st over - 0 runs, 1 hit, 0 errors, 1 left on base; Kinuso 0 - St. Louis 0
BOTTOM OF THE 1ST
St. Louis Terriers batting - Pitching for Kinuso Blues : RHP Tom Seaver
Pitching: RHP Tom Seaver
Batting: RHB Tommy Davis 0-0: Ground out 5-3 (Groundball, 56, EV 87.5 MPH)
Batting: LHB Santiago Sosa 0-0: Swinging Strike
0-1: Foul Ball, location: 5FF
0-2: Ball
1-2: Foul Ball, location: 2F
1-2: Ball
2-2: Foul Ball, location: 7LMF
2-2: Foul Ball, location: 2F
2-2: Ball
3-2: Foul Ball, location: 2F
3-2: Foul Ball, location: 2LF
3-2: SINGLE (Groundball, 6MD, EV 93.8 MPH)
Batting: RHB Millard Pérez 0-0: Ball
1-0: Called Strike
1-1: Ball
2-1: Ball
3-1: Called Strike
3-2: Foul Ball, location: 2F
3-2: Ground out 6-3 (Groundball, 56D, EV 98.1 MPH)
Santiago Sosa to second
Batting: LHB Màximo Carregueiro 0-0: Ball
1-0: Ball
2-0: Ball
3-0: SINGLE (Groundball, 4D, EV 94.4 MPH)
Santiago Sosa to third
Runner from 3rd tries for Home, throw by CF and OUT! 8-2
Bottom of the 1st over - 0 runs, 2 hits, 0 errors, 1 left on base; Kinuso 0 - St. Louis 0
TOP OF THE 2ND
Kinuso Blues batting - Pitching for St. Louis Terriers : RHP Donald Wilson
Batting: RHB Thurman Munson 0-0: Ball
1-0: SINGLE (Line Drive, 9LS, EV 94.4 MPH)
Batting: RHB Bob Jenkins 0-0: Ball
1-0: Sac Bunt to 15S - play at first, batter OUT! 1-3
Thurman Munson to second
Batting: RHB Manabu Azuma 0-0: Fly out, F7 (Line Drive, 78M, EV 86.9 MPH)
Batting: RHB Steve Powell 0-0: Ball
1-0: Swinging Strike
1-1: Ball
2-1: SINGLE (Line Drive, 8LS, EV 108.1 MPH)
Thurman Munson to third
Runner from 3rd tries for Home, throw by CF and OUT! 8-2
Top of the 2nd over - 0 runs, 2 hits, 0 errors, 1 left on base; Kinuso 0 - St. Louis 0
BOTTOM OF THE 2ND
St. Louis Terriers batting - Pitching for Kinuso Blues : RHP Tom Seaver
Batting: RHB Brandon Carr 0-0: Ball
1-0: Ground out 6-3 (Groundball, 6, EV 87.5 MPH)
Batting: LHB Armando Robles 0-0: Called Strike
0-1: Ball
1-1: Swinging Strike
1-2: Fly out, F8 (Line Drive, 8LM, EV 97.5 MPH)
Batting: RHB Emílio Durán 0-0: Ball
1-0: Ball
2-0: Ball
3-0: Base on Balls
Batting: RHB Michael Nix 0-0: Foul Ball, location: 3F
0-1: Fielders Choice at 2nd, 6-4 (Groundball, 6, EV 93.8 MPH)
Bottom of the 2nd over - 0 runs, 0 hits, 0 errors, 1 left on base; Kinuso 0 - St. Louis 0
TOP OF THE 3RD
Kinuso Blues batting - Pitching for St. Louis Terriers : RHP Donald Wilson
Batting: RHB Tom Seaver 0-0: Foul Ball, location: 23F
0-1: Foul Ball, location: 7LMFF
0-2: Ball
1-2: Ball
2-2: Foul Ball, location: 9LMF
2-2: Foul Ball, location: 5F
2-2: Ball
3-2: Base on Balls
Batting: LHB Ricardo Vivo 0-0: Ball
1-0: Ball
2-0: Ball
3-0: Base on Balls
Tom Seaver to second
Batting: RHB Jeremy Kennedy 0-0: Called Strike
0-1: Ball
1-1: Ball
2-1: Fly out, F8 (Line Drive, 89M, EV 103.1 MPH)
Batting: LHB John Heller 0-0: Ball
1-0: Called Strike
1-1: Ball
2-1: Swinging Strike
2-2: Strikes out swinging
Batting: SHB Ken Henderson 0-0: Foul Ball, location: 23F
0-1: Ball
1-1: Called Strike
1-2: 3-RUN HOME RUN (Flyball, 9D, EV 101.9 MPH), Distance : 394 ft
Batting: RHB Thurman Munson 0-0: Ball
1-0: Called Strike
1-1: Called Strike
1-2: SINGLE (Groundball, 34D, EV 105.6 MPH)
Batting: RHB Bob Jenkins 0-0: Called Strike
0-1: Called Strike
0-2: Ball
1-2: 2-RUN HOME RUN (Flyball, 78XD, EV 106.3 MPH), Distance : 434 ft
Batting: RHB Manabu Azuma 0-0: Ball
1-0: Ball
2-0: Ball
3-0: Base on Balls
Batting: RHB Steve Powell 0-0: Ball
1-0: SINGLE (Groundball, 5D, EV 95.0 MPH)
Manabu Azuma to second
Batting: RHB Tom Seaver 0-0: Ball
1-0: Foul Ball, location: 3SF
1-1: Swinging Strike
1-2: Ball
2-2: Foul Ball, location: 2F
2-2: Foul Ball, location: 3FF
2-2: Ball
3-2: Foul Ball, location: 3SF
3-2: Base on Balls
Manabu Azuma to third
Steve Powell to second
Batting: LHB Ricardo Vivo 0-0: Ball
1-0: Hit by Pitch
Manabu Azuma scores
Steve Powell to third
Tom Seaver to second
Pitching: LHP Sergio Esquivel
Batting: RHB Jeremy Kennedy 0-0: Ball
1-0: Ball
2-0: Ball
3-0: Base on Balls
Steve Powell scores
Tom Seaver to third
Ricardo Vivo to second
Batting: LHB John Heller 0-0: Swinging Strike
0-1: Ball
1-1: Called Strike
1-2: Ball
2-2: Strikes out swinging
Top of the 3rd over - 7 runs, 4 hits, 0 errors, 3 left on base; Kinuso 7 - St. Louis 0
BOTTOM OF THE 3RD
St. Louis Terriers batting - Pitching for Kinuso Blues : RHP Tom Seaver
Batting: RHB Sergio Esquivel 0-0: Foul Ball, location: 2F
0-1: Swinging Strike
0-2: Ball
1-2: Foul Ball, location: 2F
1-2: Strikes out swinging
Batting: RHB Tommy Davis 0-0: Ball
1-0: Ball
2-0: Called Strike
2-1: Foul Ball, location: 7LSF
2-2: SINGLE (Line Drive, 56D, EV 96.9 MPH)
Batting: LHB Santiago Sosa 0-0: Called Strike
0-1: Fielders Choice at 2nd, 4-6 (Groundball, 34D, EV 97.5 MPH)
Batting: RHB Millard Pérez 0-0: Ball
1-0: Swinging Strike
1-1: SINGLE (Groundball, 3D, EV 96.3 MPH)
Santiago Sosa to second
Runner from 2nd tries for 3rd, SAFE, throw by RF made to third
Batting: LHB Màximo Carregueiro 0-0: Called Strike
0-1: Foul Ball, location: 5FF
0-2: Foul Ball, location: 2F
0-2: Hit by Pitch
Millard Pérez to second
Batting: RHB Brandon Carr 0-0: Ball
1-0: Foul Ball, location: 3DF
1-1: Swinging Strike
1-2: Strikes out swinging
Bottom of the 3rd over - 0 runs, 2 hits, 0 errors, 3 left on base; Kinuso 7 - St. Louis 0
TOP OF THE 4TH
Kinuso Blues batting - Pitching for St. Louis Terriers : LHP Sergio Esquivel
Batting: SHB Ken Henderson 0-0: Ball
1-0: Ball
2-0: Ground out 4-3 (Groundball, 4, EV 96.3 MPH)
Batting: RHB Thurman Munson 0-0: Ball
1-0: Swinging Strike
1-1: Ground out 4-3 (Groundball, 4, EV 86.9 MPH)
Batting: RHB Bob Jenkins 0-0: Called Strike
0-1: Swinging Strike
0-2: Ball
1-2: Strikes out looking
Top of the 4th over - 0 runs, 0 hits, 0 errors, 0 left on base; Kinuso 7 - St. Louis 0
BOTTOM OF THE 4TH
St. Louis Terriers batting - Pitching for Kinuso Blues : RHP Tom Seaver
Batting: LHB Armando Robles 0-0: Called Strike
0-1: Ball
1-1: Called Strike
1-2: Ball
2-2: Ball
3-2: Fly out, F8 (Flyball, 8LM, EV 95.6 MPH)
Batting: RHB Emílio Durán 0-0: Called Strike
0-1: Ground out 6-3 (Groundball, 6, EV 109.4 MPH)
Batting: RHB Michael Nix 0-0: Ball
1-0: Ball
2-0: Ball
3-0: Called Strike
3-1: SINGLE (Flyball, 8RS, EV 93.1 MPH)
Batting: RHB Sergio Esquivel 0-0: Swinging Strike
0-1: Foul Ball, location: 5DF
0-2: Ball
1-2: Ball
2-2: SINGLE (Groundball, 4D, EV 108.1 MPH)
Michael Nix to second
Runner from 2nd tries for 3rd, SAFE, throw by CF made to third
Batting: RHB Tommy Davis 0-0: Ball
1-0: Ball
2-0: Ground out 6-3 (Groundball, 56, EV 105.6 MPH)
Bottom of the 4th over - 0 runs, 2 hits, 0 errors, 2 left on base; Kinuso 7 - St. Louis 0
TOP OF THE 5TH
Kinuso Blues batting - Pitching for St. Louis Terriers : LHP Sergio Esquivel
Batting: RHB Manabu Azuma 0-0: Ball
1-0: SINGLE (Groundball, 4MD, EV 110.6 MPH)
Batting: RHB Steve Powell 0-0: Ball
1-0: Called Strike
1-1: Ball
2-1: Ball
3-1: Called Strike
3-2: Fly out, F5 (Popup, 56S, EV 72.5 MPH)
Batting: RHB Tom Seaver 0-0: Sac Bunt to 15 - play at first, batter OUT! 1-4
Manabu Azuma to second
Batting: LHB Ricardo Vivo 0-0: Foul Ball, location: 7LMFF
0-1: Called Strike
0-2: Ball
1-2: Ball
2-2: Ground out 6-3 (Groundball, 56D, EV 98.8 MPH)
Top of the 5th over - 0 runs, 1 hit, 0 errors, 1 left on base; Kinuso 7 - St. Louis 0
BOTTOM OF THE 5TH
St. Louis Terriers batting - Pitching for Kinuso Blues : RHP Tom Seaver
Batting: LHB Santiago Sosa 0-0: Ball
1-0: Foul Ball, location: 7LMF
1-1: Ball
2-1: Foul Ball, location: 3SF
2-2: DOUBLE (Line Drive, 7LM, EV 108.1 MPH)
Batting: RHB Millard Pérez 0-0: Ball
1-0: Ball
2-0: SINGLE (Line Drive, 9S, EV 102.5 MPH)
Santiago Sosa to third
Batting: LHB Màximo Carregueiro 0-0: Ball
1-0: Ball
2-0: Grounds into double play, 6-4-3 (Groundball, 6, EV 80.0 MPH)
Santiago Sosa scores
Batting: RHB Brandon Carr 0-0: Called Strike
0-1: Called Strike
0-2: SINGLE (Groundball, 34D, EV 95.0 MPH)
Batting: LHB Armando Robles 0-0: Ball
1-0: Ball
2-0: DOUBLE (Flyball, 9LD, EV 108.8 MPH)
Brandon Carr to third
Batting: RHB Emílio Durán 0-0: Called Strike
0-1: Foul Ball, location: 2F
0-2: Ball
1-2: Ball
2-2: Ball
3-2: Strikes out swinging
Bottom of the 5th over - 1 run, 4 hits, 0 errors, 2 left on base; Kinuso 7 - St. Louis 1
TOP OF THE 6TH
Kinuso Blues batting - Pitching for St. Louis Terriers : LHP Sergio Esquivel
Batting: RHB Jeremy Kennedy 0-0: Foul Ball, location: 25F
0-1: Fly out, F8 (Flyball, 8RM, EV 98.1 MPH)
Batting: LHB John Heller 0-0: Foul Ball, location: 7LDF
0-1: Called Strike
0-2: Ball
1-2: Foul Ball, location: 3F
1-2: Ball
2-2: Ball
3-2: Fly out, F8 (Flyball, 89M, EV 96.3 MPH)
Batting: SHB Ken Henderson 0-0: Foul Ball, location: 25F
0-1: Foul Ball, location: 3DF
0-2: Strikes out swinging
Top of the 6th over - 0 runs, 0 hits, 0 errors, 0 left on base; Kinuso 7 - St. Louis 1
BOTTOM OF THE 6TH
St. Louis Terriers batting - Pitching for Kinuso Blues : RHP Tom Seaver
Batting: RHB Michael Nix 0-0: Swinging Strike
0-1: Foul Ball, location: 9LDF
0-2: Strikes out swinging
Batting: RHB Sergio Esquivel 0-0: Ball
1-0: Ball
2-0: Swinging Strike
2-1: Called Strike
2-2: Ball
3-2: Strikes out swinging
Batting: RHB Tommy Davis 0-0: Called Strike
0-1: Swinging Strike
0-2: Ball
1-2: Fly out, F8 (Flyball, 8LS, EV 95.0 MPH)
Bottom of the 6th over - 0 runs, 0 hits, 0 errors, 0 left on base; Kinuso 7 - St. Louis 1
TOP OF THE 7TH
Kinuso Blues batting - Pitching for St. Louis Terriers : LHP Sergio Esquivel
Batting: RHB Thurman Munson 0-0: Called Strike
0-1: Foul Ball, location: 23F
0-2: Foul Ball, location: 2F
0-2: Ground out 6-3 (Groundball, 6, EV 85.6 MPH)
Batting: RHB Bob Jenkins 0-0: Called Strike
0-1: Foul Ball, location: 2F
0-2: Ball
1-2: Foul Ball, location: 7LSF
1-2: Strikes out swinging
Batting: RHB Manabu Azuma 0-0: Ground out 3-1 (Groundball, 34S, EV 92.5 MPH)
Top of the 7th over - 0 runs, 0 hits, 0 errors, 0 left on base; Kinuso 7 - St. Louis 1
BOTTOM OF THE 7TH
St. Louis Terriers batting - Pitching for Kinuso Blues : RHP Tom Seaver
Batting: LHB Santiago Sosa 0-0: Ball
1-0: Called Strike
1-1: Ball
2-1: Called Strike
2-2: Strikes out swinging, 2-3 out at first.
Batting: RHB Millard Pérez 0-0: Ball
1-0: Called Strike
1-1: Ball
2-1: Ball
3-1: Ground out 6-3 (Groundball, 6, EV 84.4 MPH)
Batting: LHB Màximo Carregueiro 0-0: Ball
1-0: Called Strike
1-1: Called Strike
1-2: Ball
2-2: Ball
3-2: Fly out, F9 (Line Drive, 9, EV 109.4 MPH)
Bottom of the 7th over - 0 runs, 0 hits, 0 errors, 0 left on base; Kinuso 7 - St. Louis 1
TOP OF THE 8TH
Kinuso Blues batting - Pitching for St. Louis Terriers : LHP Sergio Esquivel
Batting: RHB Steve Powell 0-0: Ball
1-0: Ball
2-0: Ball
3-0: Called Strike
3-1: Base on Balls
Batting: RHB Tom Seaver 0-0: Bunted foul
0-1: Sac Bunt to 13S - play at first, batter OUT! 1-3
Steve Powell to second
Pitching: RHP Chris Chappell
Batting: LHB Ricardo Vivo 0-0: Ball
1-0: Ball
2-0: Called Strike
2-1: Foul Ball, location: 7LDF
2-2: Foul Ball, location: 2F
2-2: Fly out, F7 (Flyball, 7LS, EV 74.4 MPH)
Batting: RHB Jeremy Kennedy 0-0: Called Strike
0-1: Foul Ball, location: 2F
0-2: Ball
1-2: Ball
2-2: Strikes out looking
Top of the 8th over - 0 runs, 0 hits, 0 errors, 1 left on base; Kinuso 7 - St. Louis 1
BOTTOM OF THE 8TH
St. Louis Terriers batting - Pitching for Kinuso Blues : RHP Tom Seaver
Batting: RHB Brandon Carr 0-0: Ball
1-0: Fly out, F7 (Line Drive, 7D, EV 85.6 MPH)
Batting: LHB Armando Robles 0-0: Called Strike
0-1: DOUBLE (Line Drive, 3D, EV 94.4 MPH)
Batting: RHB Emílio Durán 0-0: SINGLE (Groundball, 4D, EV 96.9 MPH)
Armando Robles to third
Pinch Hitting: LHB Albie Pearson 0-0: Ball
1-0: Ball
2-0: Foul Ball, location: 7LMF
2-1: Ball
3-1: Foul Ball, location: 2F
3-2: Base on Balls
Emílio Durán to second
Pinch Hitting: SHB Edward Cobb 0-0: Ball
1-0: Ball
2-0: Called Strike
2-1: DOUBLE (Line Drive, 78D, EV 110.0 MPH)
Armando Robles scores
Emílio Durán scores
Albie Pearson to third
Batting: RHB Tommy Davis 0-0: Called Strike
0-1: Ball
1-1: Called Strike
1-2: Strikes out looking
Pitching: LHP Ken Brett
Batting: LHB Santiago Sosa 0-0: Ball
1-0: Ball
2-0: Foul Ball, location: 2F
2-1: Fly out, F7 (Line Drive, 78S, EV 93.8 MPH)
Bottom of the 8th over - 2 runs, 3 hits, 0 errors, 2 left on base; Kinuso 7 - St. Louis 3
TOP OF THE 9TH
Kinuso Blues batting - Pitching for St. Louis Terriers : RHP Chris Chappell
Pitching: RHP Steve Blass
Now at SS: Edward Cobb
Batting: LHB John Heller 0-0: Called Strike
0-1: Swinging Strike
0-2: Ball
1-2: Foul Ball, location: 23FF
1-2: Ball
2-2: Ground out 6-3 (Groundball, 6MD, EV 99.4 MPH)
Batting: SHB Ken Henderson 0-0: Ball
1-0: Ball
2-0: Foul Ball, location: 3FF
2-1: Foul Ball, location: 2F
2-2: DOUBLE (Line Drive, 7LM, EV 94.4 MPH)
Batting: RHB Thurman Munson 0-0: Ball
1-0: Foul Ball, location: 9LSF
1-1: Ball
2-1: Ball
3-1: SINGLE (Groundball, 6MD, EV 108.1 MPH)
Ken Henderson to third
Batting: RHB Bob Jenkins 0-0: Ball
1-0: Fielders Choice at 2nd, 6-4 (Groundball, 6, EV 106.9 MPH)
Ken Henderson scores
Batting: RHB Manabu Azuma 0-0: Ball
1-0: Ball
2-0: Called Strike
2-1: SINGLE (Groundball, 34S, EV 67.5 MPH) (infield hit)
Bob Jenkins to second
Batting: RHB Steve Powell 0-0: Called Strike
0-1: Fly out, F5 (Popup, 5S, EV 66.9 MPH)
Top of the 9th over - 1 run, 3 hits, 0 errors, 2 left on base; Kinuso 8 - St. Louis 3
BOTTOM OF THE 9TH
St. Louis Terriers batting - Pitching for Kinuso Blues : LHP Ken Brett
Batting: RHB Millard Pérez 0-0: Ball
1-0: Called Strike
1-1: Fly out, F9 (Flyball, 9LS, EV 93.8 MPH)
Batting: LHB Màximo Carregueiro 0-0: Ball
1-0: Foul Ball, location: 5FF
1-1: Ball
2-1: DOUBLE (Line Drive, 78D, EV 102.5 MPH)
Batting: RHB Brandon Carr 0-0: 2-RUN HOME RUN (Flyball, 7D, EV 99.4 MPH), Distance : 393 ft
Batting: LHB Armando Robles 0-0: SINGLE (Line Drive, 4MD, EV 99.4 MPH)
Batting: RHB Emílio Durán 0-0: Ball
1-0: Foul Ball, location: 2F
1-1: Called Strike
1-2: 2-RUN HOME RUN (Flyball, 9D, EV 105.0 MPH), Distance : 409 ft
Pinch Hitting: LHB José Santos 0-0: Ball
1-0: Foul Ball, location: 7LDF
1-1: Called Strike
1-2: SINGLE (Line Drive, 7LM, EV 105.6 MPH)
Pitching: RHP George Cunningham
Now at 1B: Andy Stevens
Now at 2B: César Muñóz
Batting: SHB Edward Cobb 0-0: Swinging Strike
0-1: Ball
1-1: Ball
2-1: SINGLE (Groundball, 4D, EV 103.1 MPH)
José Santos to second
Runner from 2nd tries for 3rd, OUT! 9-5
Batting: RHB Tommy Davis 0-0: Ball
1-0: SINGLE (Groundball, 34, EV 82.5 MPH)
Edward Cobb to second
Runner from 2nd tries for 3rd, SAFE, throw by RF made to third
Tommy Davis to second
Batting: LHB Santiago Sosa 0-0: Intentional Walk
Batting: RHB Millard Pérez 0-0: Ball
1-0: Ball
2-0: Fly out, F7 (Flyball, 78S, EV 89.4 MPH)
Bottom of the 9th over - 4 runs, 7 hits, 0 errors, 3 left on base; Kinuso 8 - St. Louis 7
Thursday, February 29th , 2024 - OOTP Baseball 24.8 Build 75